Description

Proxy double robo with 2 adeptes timing 3:20

VOD

https://www.youtube.com/watch?v=fp04EUjLcDU

Replay - Proxy double robto 3min20 ^^

Build Order

Get SALT Encoding   

  12  0:00  Probe  
  13  0:14  Pylon  
  13  0:16  Probe  
  14  0:28  Probe  
  14  0:32  Gateway  
  15  0:40  Probe  
  16  0:46  Assimilator  
  16  0:52  Assimilator  
  16  0:53  Probe  
  17  1:05  Probe  
  18  1:17  Probe  
  19  1:19  Cybernetics Core  
  19  1:25  Pylon  
  19  1:29  Probe  
  20  1:41  Probe  
  21  1:55  Robotics Facility x2  
  21  1:56  Adept  
  23  2:22  Adept  
  25  2:32  Immortal  
  25  2:35  Warp Prism  
  29  2:49  Pylon  
  31  3:11  Immortal  
  35  3:17  Immortal  
  35  3:48  Immortal  
  39  3:59  Pylon  
Spawning Tool Build Advisor. Get it on Overwolf

Analysis

Proxy double robo with 2 adeptes timing 3:20

Go to:

Details

  • Created by: defer
  • Published on: May 28, 2018
  • Modified on: May 28, 2018
  • Patch: 4.0.0
Show
View Real Time Build Order
Export as new Build Order

Comments (0)

There are no comments. Be the first!

Create an account to comment!